Map: Neon Violet Square LE

Players

DaNa - Winner!

  • Race: Zerg Zerg
  • Spawn Location: 5:00

BlueCheese

  • Race: Terran Terran
  • Spawn Location: 11:00

Event: IEM Season 12 - Katowice

VOD

Have the link to the VOD?

Description

Time

  • Played on: Feb. 27, 2018, 9:45 a.m.
  • Length: 11:23

All games in this series

Show
View Real Time Build Order
Export as new Build Order

DaNa Zerg - Winner!

Build Orders: Hatch First, Roach Nydus 

Get SALT Encoding   

  12  0:00  Drone  
  13  0:13  Overlord  
  13  0:18  Drone  
  14  0:31  Drone x2  
  14  0:35  Drone  
  17  0:52  Hatchery  
  17  0:55  Drone  
  17  0:59  Drone  
  17  1:00  Extractor  
  17  1:15  Spawning Pool  
  17  1:17  Drone  
  17  1:21  Drone  
  18  1:28  Drone  
  19  1:39  Drone  
  20  1:50  Drone  
  21  2:02  Metabolic Boost  
  21  2:03  Queen  
  21  2:04  Queen  
  21  2:05  Zergling x4  
  27  2:11  Overlord  
  27  2:16  Drone  
  28  2:29  Drone x2  
  30  2:33  Drone  
  31  2:37  Drone  
  31  2:43  Drone  
  33  2:45  Queen  
  33  2:48  Overlord  
  35  2:54  Drone  
  36  2:59  Lair  
  36  3:06  Drone  
  36  3:07  Drone  
  36  3:08  Drone  
  36  3:10  Drone  
  36  3:11  Drone x2  
  42  3:15  Overlord  
  42  3:17  Drone x2  
  44  3:23  Extractor  
  44  3:25  Drone  
  44  3:28  Drone, Roach Warren  
  44  3:35  Drone x2  
  44  3:40  Overlord  
  46  3:45  Queen  
  48  3:51  Overlord  
  48  4:01  Queen  
  48  4:03  Nydus Network  
  48  4:07  Roach  
  48  4:08  Roach x3  
  55  4:17  Roach x2  
  55  4:21  Queen  
  61  4:31  Overseer  
  61  4:32  Overlord  
  61  4:37  Queen  
  63  4:48  Roach, Zergling x6  
  68  4:54  Nydus Canal  
  68  4:58  Overlord x2  
  68  4:59  Overlord  
  68  5:16  Queen, Zergling x4  
  68  5:17  Zergling x8  
  68  5:20  Roach x2  
  69  5:24  Queen  
  67  5:33  Nydus Canal  
  71  5:35  Roach x2  
  71  5:36  Roach, Zergling x4  
  77  5:43  Roach  
  77  5:49  Drone  
  78  5:52  Queen  
  78  5:56  Drone x3, Hatchery  
  82  6:01  Drone  
  82  6:04  Drone  
  84  6:08  Drone x2  
  86  6:14  Evolution Chamber, Glial Reconstitution  
  85  6:22  Roach  
  85  6:23  Roach  
  85  6:31  Queen  
  69  6:36  Roach x2  
  73  6:40  Zerg Missile Weapons Level 1  
  73  6:42  Extractor  
  73  6:43  Roach x2  
  76  6:54  Overlord x2  
  76  6:57  Queen  
  76  6:59  Overlord x2  
  78  7:02  Roach x3  
  78  7:06  Queen  
  83  7:23  Drone, Queen  
  83  7:24  Drone x7  
  83  7:27  Overlord  
  93  7:37  Roach  
  93  7:38  Roach x2  
  93  7:45  Queen  
  96  7:51  Drone x4  
  96  7:54  Drone  
  100  8:01  Roach  
  100  8:02  Roach x2  
  106  8:06  Roach x2  
  106  8:07  Ravager  
  106  8:08  Ravager x3  
  106  8:09  Drone  
  106  8:10  Extractor  
  114  8:18  Roach x4  
  114  8:19  Roach  
  124  8:28  Drone x3  
  124  8:32  Evolution Chamber  
  126  8:37  Hatchery  
  126  8:38  Drone x3  
  126  8:39  Drone, Extractor  
  126  8:40  Drone x2  
  130  8:42  Drone  
  130  8:46  Zerg Missile Weapons Level 2  
  131  8:52  Roach x2  
  135  8:56  Roach  
  135  8:57  Ravager  
  138  9:05  Overlord x2  
  138  9:06  Overlord x2  
  138  9:08  Overlord  
  138  9:14  Zerg Ground Armor Level 1  
  138  9:19  Overlord  
  140  9:24  Roach x5  
  140  9:25  Roach  
  140  9:31  Drone x4  
  153  9:33  Drone  
  153  9:35  Extractor  
  152  9:39  Overlord  
  152  9:40  Overlord  
  152  9:41  Drone x4  
  152  9:43  Drone  
  152  9:44  Drone  
  158  9:49  Overlord  
  158  10:00  Overlord  
  158  10:01  Roach  
  158  10:02  Roach x5  
  170  10:10  Ravager x2  
  170  10:11  Ravager x3  
  170  10:12  Ravager x2, Overseer  
  170  10:13  Queen  
  179  10:20  Roach x5  
  179  10:21  Roach  
  191  10:24  Roach x2  
  191  10:50  Roach x3  
  191  10:51  Roach  
  199  11:03  Overlord  
Show
View Real Time Build Order
Export as new Build Order

BlueCheese Terran 

Build Orders: Reaper Expand 

Get SALT Encoding   

  12  0:00  SCV  
  13  0:13  SCV  
  14  0:19  Supply Depot  
  14  0:25  SCV  
  15  0:40  SCV  
  15  0:41  Barracks  
  16  0:45  Refinery  
  16  0:52  SCV  
  17  1:04  SCV  
  18  1:16  SCV  
  19  1:29  Reaper, Orbital Command  
  20  1:43  Command Center  
  20  1:52  Supply Depot  
  20  1:54  SCV  
  20  2:00  Marine  
  22  2:07  SCV  
  23  2:15  Factory  
  23  2:19  SCV  
  23  2:22  Barracks Reactor  
  24  2:31  SCV  
  25  2:41  Command Center  
  25  2:46  SCV  
  26  2:55  Orbital Command  
  26  2:58  SCV  
  26  3:05  Hellion  
  29  3:06  Hellion  
  29  3:10  SCV, Barracks Tech Lab  
  32  3:15  Barracks  
  32  3:20  SCV  
  32  3:26  Hellion  
  35  3:28  Hellion  
  35  3:32  Marine  
  38  3:37  Stimpack  
  38  3:38  SCV x2  
  39  3:50  SCV x2, Refinery  
  39  3:51  Barracks  
  39  3:52  Marine  
  42  3:57  Orbital Command, Factory Reactor  
  40  4:04  SCV x2  
  42  4:14  Marine  
  42  4:15  Marine x2  
  42  4:16  SCV  
  42  4:17  SCV  
  47  4:26  Engineering Bay  
  47  4:28  SCV  
  47  4:30  Engineering Bay  
  48  4:32  Marine x2  
  48  4:37  Supply Depot  
  50  4:40  Factory Reactor  
  50  4:42  SCV x2  
  50  4:43  SCV, Starport  
  50  4:44  Marine  
  54  4:48  Marine  
  55  4:53  Bunker  
  55  4:58  Bunker, Marine x3  
  58  5:12  Marine x2  
  57  5:16  Marine x3  
  28  5:30  Marine x2  
  28  5:34  Marine  
  30  5:38  Marine  
  31  5:45  Marine  
  31  5:48  Marine x2  
  34  5:50  Medivac x2  
  34  5:52  Marine  
  34  5:55  Marine  
  40  6:03  Marine  
  40  6:04  Orbital Command  
  41  6:06  Marine x2  
  41  6:09  Marine  
  41  6:13  Marine  
  42  6:21  Marine  
  43  6:25  Orbital Command  
  43  6:28  SCV  
  39  6:36  SCV  
  40  6:40  SCV  
  40  6:42  Marine  
  40  6:45  Marine  
  40  6:46  Marine  
  44  6:48  SCV  
  44  6:51  SCV  
  47  6:54  SCV  
  47  6:55  Marine  
  47  6:58  Liberator  
  47  7:00  SCV  
  49  7:03  SCV  
  50  7:15  Marine x2  
  49  7:17  SCV x2  
  49  7:20  SCV  
  55  7:24  Marine x2  
  55  7:29  SCV  
  58  7:41  Marine x3  
  58  7:42  Marine  
  58  7:43  SCV x3  
  63  7:49  Marine  
  64  7:55  SCV x3  
  67  7:59  Marine x2  
  69  8:06  Supply Depot  
  69  8:09  Supply Depot  
  69  8:10  Supply Depot  
  69  8:23  Supply Depot  
  69  8:25  Marine  
  69  8:28  SCV x3, Marine  
  73  8:37  Engineering Bay  
  73  8:38  Engineering Bay  
  73  8:40  SCV x2  
  75  8:45  Supply Depot  
  75  8:46  Marine x2  
  75  8:48  Medivac x2  
  77  8:52  SCV x2  
  80  8:55  Marine x2  
  80  9:04  SCV x2  
  82  9:12  Marine x3  
  82  9:13  Marine  
  82  9:16  SCV x2  
  88  9:17  Marine  
  89  9:28  SCV x2  
  89  9:30  Marine x3  
  89  9:31  Marine  
  94  9:35  Barracks  
  94  9:38  Barracks  
  95  9:41  SCV x2  
  96  9:46  Marine  
  96  9:50  Supply Depot x3  
  97  9:53  Supply Depot, SCV x2  
  97  9:57  Orbital Command  
  99  10:01  Armory  
  99  10:05  SCV x2  
  99  10:06  Marine x3  
  104  10:10  Marine  
  104  10:11  Marine  
  106  10:17  SCV x2  
  108  10:24  SCV  
  108  10:25  Marine x2  
  109  10:29  SCV x2  
  109  10:32  Marine x2  
  113  10:36  SCV  
  113  10:41  SCV x2  
  114  10:48  SCV  
  115  10:51  Marine x2, Refinery x2  
  115  10:53  SCV, Marine x3  
  121  11:00  SCV  
  121  11:04  Marine x2  
  119  11:05  SCV  

Tags
 
Add a new tag
Caveats
  • Supply blocks, unpowered buildings, or Contaminate may cause inaccurate times.
  • Supply counts are checked every 10 seconds.